 Dungeon Sprint DCSS version 0.29-a0-364-g921d912d32 (webtiles) character file.

Game seed: 1731124375188387425

2 mhtbhm the Skirmisher (level 1, 0/15 HPs)
             Began as a Kobold Berserker on Apr 30, 2022.
             Was a Follower of Trog.
             Slain by a gnoll
             ... wielding a +0 club
              (4 damage)
             ... in the Dungeon (Sprint VII: "The Pits").
             The game lasted 00:00:12 (85 turns).

mhtbhm the Skirmisher (Kobold Berserker)              Turns: 85, Time: 00:00:13

Health: 0/15       AC:  2    Str: 14    XL:     1   Next: 44%
Magic:  1/1        EV: 15    Int:  8    God:    Trog [*.....]
Gold:   0          SH:  0    Dex: 14    Spells: 0/0 levels left

rFire   . . .      SeeInvis .   a - +2 hand axe
rCold   . . .      Faith    .   (no shield)
rNeg    . . .      Spirit   .   b - +0 animal skin
rPois   .          Reflect  .   (no helmet)
rElec   .          Harm     .   (no cloak)
rCorr   .          Rampage  .   (no gloves)
Will    .....      NoTele   +   (no boots)
Stlth   ++........              (no amulet)
HPRegen 0.05/turn               (no ring)
MPRegen 0.07/turn               (no ring)

@: no status effects
A: small, no large weapons, nightstalker 3
a: Renounce Religion, Berserk


You were in the Dungeon.
You worshipped Trog.
Trog was aware of your devotion.
You visited 1 branch

Inventory:

Hand Weapons
 a - a +2 hand axe (weapon)
Armour
 b - a +0 animal skin (worn)
Scrolls
 h - a scroll of blinking
 j - a scroll of summoning
Potions
 c - a potion of curing
 d - a potion of heal wounds
 e - a potion of haste
 f - 4 potions of magic
 g - 3 potions of berserk rage
 i - 2 potions of invisibility


   Skills:
 + Level 3.8 Fighting
 + Level 2.8 Axes
 + Level 1.7 Armour
 + Level 2.6 Dodging


You couldn't memorise any spells.
You didn't know any spells.
Your spell library was empty.

Dungeon Overview and Level Annotations

Branches:
Dungeon (1/1)

Altars:
Fedhas
Gozag
Hepliaklqana
Qazlal
Ru
Sif Muna
Trog
Zin
The Shining One
Jiyva


Innate Abilities, Weirdness & Mutations

You are small and have problems with some larger weapons.
You are completely attuned to the shadows.


Message History

You see here 10 stones.
There is an open door here.
You are now empty-handed.
You drop a +0 hand axe.
Things that are here:
a +2 quarterstaff; a +2 trident
Things that are here:
a +2 mace; a +2 hand axe
a - a +2 hand axe
a - a +2 hand axe (weapon)
HP restored.
Things that are here:
a +2 falchion; a +2 dagger
There is an open door here.
Found five altars.
There is an open door to the Temple (Safe) here.
No target in view!
You open the door.
A gnoll and a river rat come into view.
There is an open door here.
The helpless gnoll fails to defend itself.
You hit the gnoll but do no damage. The gnoll misses you.
You hit the gnoll.
The gnoll is heavily wounded.
The gnoll hits you with a +0 club.
You hit the gnoll.
The gnoll is heavily wounded.
You hit the river rat. The river rat misses you. The gnoll misses you.
You barely miss the river rat.
The river rat is severely wounded.
You closely miss the gnoll. The river rat barely misses you.
The gnoll completely misses you.
You completely miss the river rat.
You punch the river rat, but do no damage.
The river rat is severely wounded.
You hit the gnoll but do no damage. The river rat closely misses you.
The gnoll hits you with a +0 club!
Ouch! That really hurt!
* * * LOW HITPOINT WARNING * * *
The gnoll attacks as you move away! The gnoll hits you with a +0 club.
You die...

____.# ____.#
__...##########
##########'##........
#.?(.))))'.##......#.
##########.##........
.........'........
#####'#####......#.
#..g@.# #........
#..r..# ####'####
###+### #.......#
#.......# #.......#
#...<...# #.......#
#.......# #.......#


You could see a gnoll and a river rat.

Vanquished Creatures
  2 jackals (D)
2 creatures vanquished.

Notes
Turn   | Place    | Note
-------+----------+-------------------------------------------
     0 | D        | mhtbhm the Kobold Berserker began the quest for the Orb.
     0 | D        | Reached XP level 1. HP: 14/14 MP: 1/1
    21 | D        | Found a bloodstained altar of Trog.
    21 | D        | Found a shimmering blue altar of Sif Muna.
    21 | D        | Found a viscous altar of Jiyva.
    21 | D        | Found a hazy altar of Hepliaklqana.
    21 | D        | Found an opulent altar of Gozag.
    69 | D        | Found a glowing golden altar of the Shining One.
    69 | D        | Found a glowing silver altar of Zin.
    69 | D        | Found a sacrificial altar of Ru.
    69 | D        | Found a stormy altar of Qazlal.
    69 | D        | Found a blossoming altar of Fedhas.
    85 | D        | Slain by a gnoll

Illustrated notes

Levels and vault maps discovered:
D:        pitsprint [storerooms_1, entrance_room_1, metal_vault_3, armoury_2,
          mini_pit_1, grid_room_1, main_hall_1, silver_pit, the_coven_3,
          the_vestibule_1, steel_vault_5, golden_pit, hallway_of_sentries,
          crystal_vault_4, iron_vault_1, final_vault]

Action                   || total
-------------------------++-------
Melee: Hand axe          ||     8
       Punch             ||     1
 Stab: Sleeping          ||     1
Dodge: Dodged            ||     7

Table legend: (Time is in decaauts)
 A = Elapsed time spent in this place.
 B = Non-inter-level travel time spent in this place.
 C = Inter-level travel time spent in this place.
 D = Time resting spent in this place.
 E = Time spent auto-exploring this place.
 F = Levels seen in this place.
 G = Mean time per level.
                   A        B        C        D        E       F      G
               +--------+--------+--------+--------+--------+-----+--------+
         Total |     85 |     85 |      0 |      0 |     26 |   1 |   85.0 |
       Dungeon |     85 |     85 |      0 |      0 |     26 |   1 |   85.0 |
               +--------+--------+--------+--------+--------+-----+--------+

Top non-repeatable levels by time:
       D: 85 daAuts
